AoeStats
← Der Sprudel

Arabian Desert

508616440Analyzed
1v1 RM · 9d ago on Sep 23, 2026· 30m 34s· 2 players
Game mode
Random Map
Map size
Tiny (2 player)
Population
200
Speed
Normal
Resources
Standard
Victory
Conquest
Starting age
Dark Age
Ending age
Imperial Age
RankedLock teamsTeams togetherTeam positionsShared explorationLock speedFull tech treeHidden civsTurbo modeCheats
Victory
Defeat
🇩🇪 Varangians · Germany
1253
+15
🇫🇷 Franks · France
1231
-15
letmok
6:24 Loom
9:18 Feudal Age
10:10 Double-Bit Axe
15:45 Forging
18:23 Scale Barding Armor
23:31 Castle Age
21:41 Fletching
23:35 Crossbowman
29:00 Bow Saw
31:25 Chain Barding Armor
Der Sprudel
6:33 Loom
9:27 Feudal Age
10:23 Man-at-Arms
13:25 Horse Collar
22:45 Castle Age
21:47 Scale Mail Armor
22:03 Gold Mining
23:44 Double-Bit Axe
24:32 Fletching
28:55 Bodkin Arrow
Connection lost

Rejoining the realm…

Still unreachable

The connection could not be restored.

Session expired

The server has moved on; the page needs a fresh start.